Kradschützen Motorcycle Team
Construct Light Support Kompanie
Selects Panzerjäger Kommand Battlegroup
Panzerjäger Mechanized Group
Construct Panzerarmee Kommand
Selects Crew Shock Tactics
le.IG 18 Support Gun Team
Selects Elefant Tank Destroyer
Walking Stuka Rocket Launcher
Selects Butterfly Bomb Drop
Construct Mechanized Kompanie
18-tonne Recovery Half-track
18-tonne Recovery Half-track